 Dungeon Crawl Stone Soup version 0.23.0 (webtiles) character file.

Game seed: 5372072831583451477

35 Murks the Insei (level 3, -3/26 HPs)
             Began as a Demonspawn Transmuter on Feb 18, 2019.
             Splashed by a jelly's acid (12 damage)
             ... on level 2 of the Dungeon.
             The game lasted 00:04:33 (1516 turns).

Murks the Insei (Demonspawn Transmuter)             Turns: 1516, Time: 00:04:34

Health: -3/26      AC: -6    Str: 10    XL:     3   Next: 17%
Magic:  5/6        EV: 12    Int: 15    God:
Gold:   126        SH:  4    Dex: 13    Spells: 5/6 levels left

rFire    . . .     SeeInvis .     - Unarmed
rCold    . . .     Gourm    .   (no shield)
rNeg     . . .     Faith    .   b - +0 robe
rPois    .         Spirit   .   (no helmet)
rElec    .         Reflect  .   (no cloak)
rCorr    .         Harm     .   (no gloves)
MR       .....                  (no boots)
Stlth    +.........             (no amulet)
HPRegen  0.08/turn              (no ring)
MPRegen  0.10/turn              (no ring)

@: appendage (expiring), corroded
A: horns 2, large bone plates 1
a: End Transformation


You were on level 2 of the Dungeon.
You were not hungry.
You had grown temporary horns.
You visited 1 branch of the dungeon, and saw 2 of its levels.

You collected 126 gold pieces.

Inventory:

Missiles
 a - 12 arrows
 j - 48 stones (quivered)
 k - 8 javelins
Armour
 b - a +0 robe (worn)
 c - a cursed +0 leather armour
Scrolls
 e - 2 scrolls of teleportation {unknown}
 f - 3 scrolls of identify {unknown}
 g - 2 scrolls of remove curse {unknown}
Potions
 h - a potion of agility {unknown}
 i - a potion of mutation {unknown}
 l - a potion of heal wounds {unknown}
 m - 2 potions of might {unknown}
 o - a potion of brilliance {unknown}
Comestibles
 d - 2 rations
 n - 4 chunks of flesh


   Skills:
 - Level 1.0 Fighting
 - Level 1.7 Dodging
 + Level 3.9 Unarmed Combat
 - Level 2.0 Spellcasting
 - Level 1.7 Transmutations


You had 5 spell levels left.
You knew the following spells:

 Your Spells              Type           Power        Failure   Level  Hunger
a - Beastly Appendage     Tmut           #.....       11%         1    #......

Your spell library contained the following spells:

 Spells                   Type           Power        Failure   Level  Hunger
 Sticks to Snakes         Tmut           #.......     16%         2    ###....
 Spider Form              Tmut/Pois      #.........   43%         3    ###....
 Ice Form                 Ice/Tmut       #.......     83%         4    #####..
 Blade Hands              Tmut           #.........   96%         5    ######.


Dungeon Overview and Level Annotations

Branches:
Dungeon (2/15)

Altars:


Innate Abilities, Weirdness & Mutations

You are partially covered in large bone plates. (SH +4)
You have a pair of horns on your head.


Message History

You see here a scroll labeled AMUC ALAKOMNINK.
f - 3 scrolls labeled AMUC ALAKOMNINK (gained 1)
You closely miss the kobold. You headbutt the kobold.
You kill the kobold!
Your horns disappear.
Found a ration.
You see here a hunting sling.
A jelly comes into view.
The jelly quivers.
Casting: Beastly Appendage (safe; 11% risk of failure)
Confirm with . or Enter, or press ? or * to list all spells.
You grow a pair of large bovine horns.
Your transformation is almost over.
You hit the jelly.
Your hands burn!
The jelly is lightly wounded.
The jelly hits you.
You are splashed with acid.
You hit the jelly. The acid corrodes you!
Your hands burn!
The jelly is lightly wounded.
The jelly hits you. The acid corrodes you!
You are splashed with acid!
You die...

# . ##. %.
.# ##.#
#J.# #.#
#@# ... # #
##.# #..
..#. #.)#
.# #...#
##.## .#
#...# #..#
#.#
#.#..###.##
#.# ..
#...#.#
#.###.#
###...##
......#
##...#


You could see a jelly.

Vanquished Creatures
  A dart slug (D:2)
  2 leopard geckos
  2 giant cockroaches
  5 goblins
  4 hobgoblins (D:1)
  2 jackals (D:2)
  3 kobolds
  A ball python (D:1)
  3 bats (D:1)
  2 frilled lizards (D:1)
  5 rats
30 creatures vanquished.

Notes
Turn   | Place    | Note
-------+----------+-------------------------------------------
     0 | D:1      | Murks the Demonspawn Transmuter began the quest for the
                  | Orb.
     0 | D:1      | Reached XP level 1. HP: 15/15 MP: 3/3
    85 | D:1      | Reached skill level 3 in Unarmed Combat
   234 | D:1      | Gained mutation: You are partially covered in large bone
                  | plates. (SH +4) [demonic ancestry]
   234 | D:1      | Reached XP level 2. HP: 12/21 MP: 3/5
   783 | D:1      | You fall through a shaft!
  1448 | D:2      | Reached XP level 3. HP: 24/26 MP: 4/6
  1516 | D:2      | Splashed by a jelly's acid

Skill      XL: |  1 |
---------------+----+-----
Unarmed Combat | 3 |  3.9
Fighting       | |  1.0
Dodging        | |  1.7
Spellcasting   | |  2.0
Transmutations | |  1.7

Action                   || total
-------------------------++-------
Melee: Unarmed           ||   108
       Kick              ||     6
       Punch             ||     2
       Headbutt          ||     3
Throw: Stone             ||     1
 Cast: Beastly Appendage ||    13
  Eat: Chunk             ||     2
Armor: Robe              ||    17
Dodge: Dodged            ||    70
Block: Other             ||    10
